 Dungeon Crawl Stone Soup version 0.29.1-15-g9cfb28693d (webtiles) character file.

Game seed: 14698384063371915497

13178 dudediamond6 the Protected (level 12, 0/72 HPs)
             Began as a Gargoyle Fighter on Mar 17, 2023.
             Was a Priest of Hepliaklqana.
             Slain by a fire elemental (11 damage)
             ... on level 12 of the Dungeon.
             The game lasted 00:23:29 (13033 turns).

dudediamond6 the Protected (Gargoyle Fighter)      Turns: 13033, Time: 00:23:30

Health: 0/72       AC: 24    Str: 24    XL:     12   Next: 3%
Magic:  0/12       EV:  8    Int: 10    God:    Hepliaklqana [***...]
Gold:   585        SH:  5    Dex:  9    Spells: 11/11 levels left

rFire   . . .      SeeInvis .   l - +2 flail (venom)
rCold   . . .      Faith    .   c - +0 buckler
rNeg    + . .      Spirit   +   x - +0 chain mail
rPois   ∞          Reflect  .   (no helmet)
rElec   +          Harm     .   H - +0 cloak
rCorr   .          Rampage  .   (no gloves)
Will    .....                   k - +0 pair of boots
Stlth   ..........              n - amulet of guardian spirit
HPRegen 0.22/turn               (no ring)
MPRegen 0.13/turn               (no ring)

@: no status effects
A: reduced essence, sickness immunity, AC +8, negative energy resistance 1,
electricity resistance, torment resistance 1, petrification resistance
a: Renounce Religion, Recall Ancestor, Ancestor Identity, Transference


You were on level 12 of the Dungeon.
You worshipped Hepliaklqana.
Hepliaklqana was most pleased with you.
You visited 1 branch of the dungeon, and saw 12 of its levels.

You collected 585 gold pieces.

Inventory:

Hand Weapons
 a - a +0 flail
 e - a -2 demon whip of venom
 l - a +2 flail of venom (weapon)
 o - a +3 spectral club
 u - a +0 antimagic scythe
 B - the +8 longbow "Zephyr" {speed, Dex+3 SInv}
   (You found it on level 11 of the Dungeon)

   Attacks with this weapon are significantly faster.
   Dex:       It affects your dexterity (+3).
   SInv:      It lets you see invisible.
 F - a +0 dire flail
Armour
 c - a +0 buckler (worn)
 k - a +0 pair of boots (worn)
 x - a +0 chain mail (worn)
 H - a +0 cloak (worn)
Jewellery
 n - an amulet of guardian spirit (around neck)
 w - an amulet of magic regeneration
Wands
 z - a wand of acid (5)
 D - a wand of mindburst (5) (quivered)
Scrolls
 b - a scroll of summoning
 h - 3 scrolls of immolation
 i - 2 scrolls of torment
 j - 3 scrolls of magic mapping
 m - 4 scrolls of amnesia
 q - 5 scrolls of blinking
 y - 4 scrolls of teleportation
 E - a scroll of enchant weapon
 G - 3 scrolls of poison
Potions
 d - a potion of might
 f - 2 potions of degeneration
 g - a potion of mutation {unknown}
 p - 2 potions of flight
 r - 2 potions of ambrosia {unknown}
 s - 6 potions of attraction
 t - a potion of brilliance {unknown}
 v - 2 potions of lignification
 A - 2 potions of haste
 C - 4 potions of curing


   Skills:
 * Level 11.1 Fighting
 + Level 10.9 Maces & Flails
 + Level 11.5 Armour
 - Level 1.6 Dodging
 - Level 1.2 Stealth
 + Level 7.8 Shields
 + Level 1.7 Evocations


You had 11 spell levels left.
You didn't know any spells.
Your spell library contained the following spells:

 Spells                   Type           Power      Damage    Failure   Level
 Slow                     Hex            0%         N/A       93%         1
 Sting                    Tmut/Pois      0%         1d3       93%         1
 Poisonous Vapours        Pois/Air       0%         N/A       98%         2
 Call Canine Familiar     Summ           0%         N/A       100%        3
 Confusing Touch          Hex            0%         N/A       100%        3
 Portal Projectile        Hex/Tloc       0%         N/A       100%        3
 Tukima's Dance           Hex            0%         N/A       100%        3
 Vampiric Draining        Necr           0%         2d6       100%        3
 Leda's Liquefaction      Hex/Erth       0%         N/A       100%        4
 Olgreb's Toxic Radiance  Pois           0%         N/A       100%        4
 Passage of Golubria      Tloc           0%         N/A       100%        4
 Yara's Violent Unravell  Hex/Tmut       0%         3d3       100%        5


Dungeon Overview and Level Annotations

Branches:
Dungeon (12/15)            Temple (0/1) D:7            Lair (0/5) D:9
    Orc (0/2) D:10

Altars:
Ashenzari
Dithmenos
Elyvilon
Gozag
Hepliaklqana
Uskayaw
Yredelemnul

Shops:
D:10 (   D:12 *

Portals:
Trove: D:10 (give +2 shadow dragon scales)

Annotations:
D:9 exclusion: ice statue


Innate Abilities, Weirdness & Mutations

Your life essence is reduced to manifest your ancestor. (-10% HP)
You are immune to sickness and miasma.
Your stone body is resilient. (AC +8)
You are immune to poison.
You resist negative energy. (rN+)
You are resistant to electric shocks. (rElec)
You are resistant to unholy torment.
You are immune to petrification.


Message History

The gargoyle is heavily damaged.
Cuetlachtli completely misses the gargoyle.
The gargoyle hits you but does no damage.
You hit the gargoyle but do no damage.
The gargoyle is heavily damaged.
Cuetlachtli barely misses the gargoyle.
Cuetlachtli hits the gargoyle but does no damage.
The fire elemental hits you. The fire elemental burns you!
You barely miss the gargoyle.
The gargoyle is heavily damaged.
Cuetlachtli points at the gargoyle and mumbles some strange words.
The gargoyle easily resists.
The fire elemental hits you. The fire elemental burns you!
* * * LOW HITPOINT WARNING * * *
The gargoyle hits you but does no damage.
You feel better.
The fire elemental completely misses you.
Cuetlachtli hits the gargoyle with a +0 dagger of draining!
Cuetlachtli hits the gargoyle but does no damage.
The gargoyle hurls a stone arrow at Cuetlachtli.
The stone arrow hits Cuetlachtli!
You catch the helpless gargoyle completely off-guard!
You hit the gargoyle.
You destroy the gargoyle!
The fire elemental barely misses you.
Cuetlachtli closely misses the fire elemental.
Cuetlachtli barely misses the fire elemental.
The fire elemental hits you. The fire elemental burns you!
* * * LOW HITPOINT WARNING * * *
You hit the fire elemental.
The fire elemental is lightly damaged.
Cuetlachtli hits the fire elemental with a +0 dagger of draining.
The fire elemental hits you. The fire elemental burns you!
* * * LOW HITPOINT WARNING * * *
Cuetlachtli hits the fire elemental with a +0 dagger of draining.
You hit the fire elemental.
The fire elemental is heavily damaged.
Cuetlachtli hits the fire elemental with a +0 dagger of draining.
The fire elemental hits you. The fire elemental burns you!
You die...

.....≈.........)......
.⌠.⌠.≈................
..∩..≈................
⌠.⌠.≈....)†..........
...o≈.....)..........
≈≈≈≈≈#....#####......
....#..)).# .§..§§
........))# ...§§
.......@R.# .≈
.......)E[#
.............
..............^
...............
...............
#####..........
#..........


You could see the friendly Cuetlachtli the hexer, a fire elemental (ally target)
and an orc.

Vanquished Creatures
  A centaur warrior (D:11)
  2 two-headed ogres
  Sonja (D:10)
  Amaemon (D:11)
  An ugly thing (D:11)
  Joseph (D:7)
  An orange demon (D:11)
  4 gargoyles
  A troll (D:12)
  Prince Ribbit (D:5)
  Sigmund (D:5)
  A water elemental (D:11)
  A wraith (D:12)
  A wyvern (D:9)
  5 yaks (D:10)
  3 steam dragons
  5 vampire mosquitoes
  2 acid dragons
  2 black bears (D:6)
  2 ice beasts
  3 ogres
  3 centaurs
  3 kobold brigands
  3 bullfrogs
  A necrophage (D:6)
  11 wights
  2 electric eels (D:11)
  5 howler monkeys
  2 hounds
  A jelly (D:6)
  A gnoll bouda (D:7)
  2 orc priests (D:11)
  Jessica (D:3)
  2 iguanas (D:6)
  6 orc wizards
  9 adders
  8 gnolls
  A shadow imp (D:6)
  A white imp (D:6)
  An ufetubus (D:9)
  2 worms
  3 dart slugs
  29 orcs
  9 endoplasms
  3 giant cockroaches
  4 goblins
  7 hobgoblins
  8 jackals (D:4)
  20 kobolds
  5 quokkas
  3 ball pythons
  5 bats
  4 frilled lizards
  4 rats
209 creatures vanquished.

Vanquished Creatures (collateral kills)
  A two-headed ogre (D:12)
  A cyclops (D:11)
  A gargoyle (D:11)
  An unseen horror (D:12)
  A hornet (D:10)
  A wyvern (D:9)
  A vampire mosquito (D:11)
  A water moccasin (D:8)
  A centaur (D:12)
  A kobold brigand (D:10)
  3 howler monkeys (D:9)
  3 orcs (D:12)
  2 kobolds (D:10)
18 creatures vanquished.

Vanquished Creatures (others)
  A kobold brigand (D:7)
  2 ancestors (D:8)
  3 hexers
6 creatures vanquished.

Grand Total: 233 creatures vanquished

Notes
Turn   | Place    | Note
-------+----------+-------------------------------------------
     0 | D:1      | dudediamond6 the Gargoyle Fighter began the quest for the
                  | Orb.
     0 | D:1      | Reached XP level 1. HP: 14/14 MP: 1/1
   442 | D:1      | Reached XP level 2. HP: 19/19 MP: 2/2
  1111 | D:2      | Reached XP level 3. HP: 20/24 MP: 3/3
  1466 | D:2      | You fall into a shaft and drop 1 floor!
  1525 | D:2      | Reached XP level 4. HP: 21/29 MP: 1/4
  2158 | D:3      | Noticed Jessica
  2165 | D:3      | Killed Jessica
  2166 | D:3      | Reached XP level 5. HP: 33/33 MP: 5/5
  2242 | D:3      | Found a hide-covered altar of Uskayaw.
  2343 | D:3      | Reached skill level 1 in Dodging
  2856 | D:4      | Reached XP level 6. HP: 36/39 MP: 4/6
  3388 | D:5      | Entered Level 5 of the Dungeon
  3552 | D:5      | Noticed an ice beast
  3562 | D:5      | Killed an ice beast
  3563 | D:5      | Reached skill level 5 in Fighting
  3563 | D:5      | Reached XP level 7. HP: 26/44 MP: 4/7
  3834 | D:5      | Noticed Prince Ribbit
  3842 | D:5      | Noticed Sigmund
  3855 | D:5      | Killed Sigmund
  3856 | D:5      | Reached skill level 5 in Maces & Flails
  3856 | D:5      | Reached skill level 5 in Armour
  3856 | D:5      | Reached skill level 1 in Stealth
  3860 | D:5      | Killed Prince Ribbit
  3861 | D:5      | Reached XP level 8. HP: 45/50 MP: 3/8
  4331 | D:6      | Found a hazy altar of Hepliaklqana.
  4415 | D:6      | Became a worshipper of Hepliaklqana the Forgotten
  4623 | D:6      | Reached skill level 5 in Shields
  5393 | D:7      | Reached XP level 9. HP: 54/56 MP: 7/9
  5540 | D:7      | Found a staircase to the Ecumenical Temple.
  5615 | D:7      | Noticed Joseph
  5636 | D:7      | Killed Joseph
  6319 | D:8      | Noticed a two-headed ogre
  7044 | D:8      | Reached * piety under Hepliaklqana
  7146 | D:8      | Reached XP level 10. HP: 53/57 MP: 8/10
  7203 | D:8      | Killed a two-headed ogre
  9155 | D:9      | Found a staircase to the Lair.
  9168 | D:9      | Found a shadowy altar of Dithmenos.
  9255 | D:9      | Found a white marble altar of Elyvilon.
  9437 | D:9      | Reached ** piety under Hepliaklqana
  9438 | D:9      | Remembered your ancestor Cuetlachtli as a hexer
  9530 | D:9      | Noticed an ice statue
 10227 | D:10     | Entered Level 10 of the Dungeon
 10271 | D:10     | Found Epruinuf's Weapon Shop.
 10292 | D:10     | Noticed a gargoyle
 10304 | D:10     | Killed a gargoyle
 10425 | D:10     | Found a staircase to the Orcish Mines.
 10599 | D:10     | Noticed Sonja
 10604 | D:10     | Killed Sonja
 10605 | D:10     | Reached skill level 10 in Armour
 10605 | D:10     | Reached skill level 1 in Evocations
 10637 | D:10     | Reached XP level 11. HP: 57/63 MP: 8/11
 10763 | D:10     | Found a portal to a secret trove of treasure.
 11054 | D:10     | Found a basalt altar of Yredelemnul.
 11055 | D:10     | Reached *** piety under Hepliaklqana
 11059 | D:10     | Found a broken altar of Ashenzari.
 11248 | D:11     | Found the +8 longbow "Zephyr" {speed, Dex+3 SInv}
 11322 | D:11     | Noticed a centaur warrior
 11328 | D:11     | Killed a centaur warrior
 11839 | D:11     | Reached skill level 10 in Fighting
 11978 | D:11     | Noticed a cyclops
 11982 | D:11     | HP: 2/64 [cyclops/large rock (32)]
 12014 | D:11     | Killed a cyclops
 12015 | D:11     | Reached skill level 10 in Maces & Flails
 12158 | D:11     | Noticed Amaemon
 12173 | D:11     | Killed Amaemon
 12464 | D:11     | Noticed a brown ugly thing
 12473 | D:11     | Killed a brown ugly thing
 12889 | D:12     | Noticed a two-headed ogre
 12893 | D:12     | Killed a two-headed ogre
 12973 | D:12     | Found an opulent altar of Gozag.
 12977 | D:12     | Found Gozag's Platinum Reserve.
 12998 | D:12     | Noticed a two-headed ogre
 13007 | D:12     | Killed a two-headed ogre
 13016 | D:12     | Reached XP level 12. HP: 42/72 MP: 7/12
 13033 | D:12     | Slain by a fire elemental

Illustrated notes

Levels and vault maps discovered:
D:1:      psy_arrival_terrarium, layout_loops_ring
D:2:      layout_loops_corners
D:3:      layout_basic, old_standard_altar, roderic_lattice_a,
          minmay_fractal_squares_gapless_5, uniq_jessica
D:4:      layout_rooms
D:5:      layout_cave_pools, uniq_sigmund, uniq_prince_ribbit1
D:6:      layout_rooms, mainiacjoe_overflow_catwalk, grunt_ministairs_12
D:7:      layout_rooms, minmay_temple_entry_statues_pillars,
          chequers_serial_rivers_micro_d, kennysheep_generic_room_16,
          uniq_joseph
D:8:      layout_loops_ring
D:9:      cheibrodos_frozen_isle, layout_loops_cross, lemuel_tele_altar,
          mainiacjoe_overflow_brackets, dpeg_oklobed_lair,
          serial_co_window_serial, co_window_corner_a, co_window_corner_a,
          co_window_cross_1, co_window_corner_a, co_window_of_opportunity_a,
          co_window_unsneaky_path_e, co_window_paths_c,
          co_window_unsneaky_path_d, co_window_2corner, co_window_paths_e,
          glass_columns_b, glass_columns_a
D:10:     layout_roguey, minitemple, orc_0_dummy, enter_trove_0, serial_shops,
          nicolae_shop_hallway_plus, uniq_sonja
D:11:     layout_basic, uniq_amaemon
D:12:     layout_big_octagon, nicolae_gozag_zags_fifth_avenue

Skill      XL: |  1  2  3  4  5  6  7  8  9 10 11 |
---------------+----------------------------------+-----
Shields        | 4 5 6 7 |  7.8
Fighting       | 4 5 6 8 9 11 | 11.1
Maces & Flails | 3 4 5 6 8 9 10 | 10.9
Armour         | 4 5 6 8 10 11 | 11.5
Dodging        | 1 |  1.6
Stealth        | 1 |  1.2
Evocations     | 1 |  1.7

Action                   |  1- 3 |  4- 6 |  7- 9 | 10-12 || total
-------------------------+-------+-------+-------+-------++-------
Melee: Flail             |   139 |    33 |       |   178 ||   350
       Club              |       |   124 |   258 |    61 ||   443
Throw: Throwing net      |       |       |     1 |       ||     1
Invok: Ancestor Identity |       |       |     1 |       ||     1
       Ancestor Life: He |       |       |       |     1 ||     1
Evoke: Wand              |       |       |       |    11 ||    11
  Use: Scroll            |     4 |     3 |     1 |    14 ||    22
       Potion            |     4 |     1 |     2 |     2 ||     9
 Stab: Distracted        |       |       |     2 |     4 ||     6
       Confused          |       |       |       |     3 ||     3
Armor: Scale mail        |   133 |    42 |       |       ||   175
       Chain mail        |       |    40 |   155 |   125 ||   320
Dodge: Dodged            |    83 |    49 |   104 |    94 ||   330
Block: Buckler           |    36 |    27 |    68 |    50 ||   181
